 Dungeon Crawl Stone Soup version 0.19-a0-1903-gead39cf (webtiles) character file.

121 LORDOFBUTT the Sneak (level 4, -5/23 HPs)
             Began as a Spriggan Assassin on Oct 20, 2016.
             Slain by a gnoll
             ... wielding a +2 whip of electrocution
              (19 damage)
             ... on level 4 of the Dungeon.
             The game lasted 00:02:54 (2116 turns).

LORDOFBUTT the Sneak (Spriggan Assassin)            Turns: 2116, Time: 00:02:57

Health: -5/23      AC:  3    Str:  7    XL:     4   Next: 77%
Magic:  5/5        EV: 18    Int: 12    God:
Gold:   124        SH:  0    Dex: 18    Spells: 0 memorised, 3 levels left

rFire  . . .     SeeInvis +     a - +2 dagger
rCold  . . .     Gourm    .     c - +0 robe
rNeg   . . .     Faith    .     (shield restricted)
rPois  .         Spirit   .     (helmet restricted)
rElec  .         Reflect  .     d - +0 cloak
rCorr  +         Harm     .     (gloves unavailable)
MR     .....                    (boots unavailable)
Stlth  ++++......               (no amulet)
                                (no ring)
                                q - ring of resist corrosion

@: very quick
A: unfitting armour, see invisible, herbivore 3, speed 3, slow metabolism 2
a: no special abilities


You were on level 4 of the Dungeon.
You were not hungry.

You visited 1 branch of the dungeon, and saw 4 of its levels.

You collected 124 gold pieces.

Inventory:

Hand Weapons
 a - a +2 dagger (weapon)
 b - a +0 blowgun
Missiles
 e - 13 poisoned needles
 f - 2 curare-tipped needles
Armour
 c - a +0 robe (worn)
 d - a +0 cloak (worn)
Jewellery
 l - a cursed amulet of inaccuracy {unknown}
 q - a ring of resist corrosion (left hand)
 r - a +3 amulet of reflection {unknown}
 x - a +5 ring of dexterity {unknown}
Wands
 v - a wand of digging (8/24)
Scrolls
 h - a scroll of fog {unknown}
 i - a scroll of recharging {unknown}
 j - a scroll of teleportation {unknown}
 n - 3 scrolls of remove curse {unknown}
 o - a scroll of random uselessness {unknown}
 p - a scroll of enchant weapon {unknown}
 t - 3 scrolls of identify {unknown}
 u - 3 scrolls of blinking {unknown}
 y - a scroll of fear {unknown}
Potions
 k - 4 potions of curing {unknown}
 m - a potion of degeneration {unknown}
 s - a potion of resistance {unknown}
 w - a potion of brilliance {unknown}
Comestibles
 g - 2 bread rations


   Skills:
 + Level 2.0 Fighting
 + Level 3.1 Short Blades
 + Level 2.2 Throwing
 + Level 2.6 Dodging
 + Level 7.8 Stealth


You had 3 spell levels left.
You didn't know any spells.

Dungeon Overview and Level Annotations

Branches:
Dungeon (4/15)
 Temple: D:4-7

Altars:
Xom


Innate Abilities, Weirdness & Mutations

You are very small and have problems with some larger weapons.
You are too small for most types of armour.
You have supernaturally acute eyesight. (SInv)
You are a herbivore.
You cover ground extremely quickly.
You need consume almost no food.


Message History

Aim: a gnoll, wielding a flail (heavily wounded, poisoned)
You shoot a poisoned needle. The poisoned needle hits the gnoll.
The gnoll looks as sick as possible!
The gnoll is heavily wounded.
The gnoll barely misses you.
Wield which item (- for none, * to show all)? (? for menu, Esc to quit)
a - a +2 dagger (weapon)
You barely miss the gnoll.
You kill the gnoll!
You hit the gnoll.
The gnoll is lightly wounded.
The gnoll hits you.
The gnoll hits you with a whip of electrocution.
You hit the gnoll.
The gnoll is heavily wounded.
The gnoll barely misses you.
The gnoll hits you with a whip of electrocution.
You are electrocuted!
Ouch! That really hurt!
You die...

########
#......#######.
#......#..?....
#......#.....##
####.....('..>....
#......(.(#.......
#.#.......#.......
#g.)....###.....
#@g.....# .....
#.......########
#.###......†#
#.........#.#
#########.#.#
#.......#.%.#
#.#.....###.#
#.#.#.....#.#
#.#.....#.#.#


You could see 2 gnolls.

Vanquished Creatures
  2 gnolls
  3 adders
  A worm (D:3)
  3 leopard geckos
  2 orcs (D:3)
  3 ball pythons
  6 giant cockroaches
  7 goblins
  9 hobgoblins
  4 jackals
  A kobold (D:2)
  2 quokkas (D:2)
  8 bats
  3 frilled lizards
  8 rats
62 creatures vanquished.

Notes
Turn   | Place    | Note
-------+----------+-------------------------------------------
     0 | D:1      | LORDOFBUTT the Spriggan Assassin began the quest for the Orb.
     0 | D:1      | Reached XP level 1. HP: 10/10 MP: 2/2
    91 | D:1      | Reached skill level 6 in Stealth
   153 | D:1      | Reached XP level 2. HP: 13/14 MP: 3/3
   287 | D:1      | Reached skill level 7 in Stealth
   316 | D:1      | Reached XP level 3. HP: 10/18 MP: 4/4
  1518 | D:3      | Reached XP level 4. HP: 23/23 MP: 5/5
  1724 | D:3      | Found a shimmering altar of Xom.
  1733 | D:3      | Found a shimmering altar of Xom.
  1738 | D:3      | Found a shimmering altar of Xom.
  2116 | D:4      | Slain by a gnoll

Vault maps used:
D:1:      scummos_arrival_gate
D:3:      serial_glass, glass_columns_c, glass_columns_a, xom_redecorated
D:4:      minmay_door_path, lemuel_crystal_altar,
          lemuel_zombie_altar_kikubaaqudgha,
          chequers_temple_overflow_minitemple, first_bread, uniq_pikel,
          uniq_edmund, uniq_blork_the_orc, uniq_duvessa

Skill      XL: |  1  2  3  4 |
---------------+-------------+-----
Stealth        | 6 7 |  7.8
Dodging        | 2 |  2.6
Short Blades   | 3 |  3.1
Fighting       | 2 |  2.0
Throwing       | |  2.2

Action                   |  1- 3 |  4- 6 || total
-------------------------+-------+-------++-------
Melee: Dagger            |   145 |    47 ||   192
 Fire: Blowgun           |     9 |     8 ||    17
 Stab: Sleeping          |    13 |     7 ||    20
Armor: Robe              |    21 |     6 ||    27
Dodge: Dodged            |   104 |    32 ||   136
